 Dungeon Crawl Stone Soup version 0.21-a0-91-ga5031da (webtiles) character file.

41170 HAL9000 the Unseen (level 14, 0/79 HPs)
             Began as a Vine Stalker Assassin on June 28, 2017.
             Was a High Priest of Dithmenos.
             Drowned by a drowned soul (10 damage)
             ... summoned by a merfolk avatar
             ... on level 6 of the Lair of Beasts on June 29, 2017.
             The game lasted 01:03:39 (20876 turns).

HAL9000 the Unseen (Vine Stalker Assassin)         Turns: 20876, Time: 01:03:40

Health: 0/79       AC: 14    Str: 18    XL:     14   Next: 14%
Magic:  0/15       EV: 14    Int: 11    God:    Dithmenos [*****.]
Gold:   1243       SH:  6    Dex: 19    Spells: 13/13 levels left

rFire    x . .     SeeInvis .   T - +2 dagger (pierce)
rCold    + + .     Gourm    .   u - +0 buckler
rNeg     . . .     Faith    .   W - +1 ice dragon scales
rPois    .         Spirit   +   (no helmet)
rElec    .         Reflect  .   d - +0 cloak
rCorr    .         Harm     .   (no gloves)
MR       +....                  (no boots)
Stlth    ++++++++..             (no amulet)
HPRegen  1.03/turn              l - +2 ring of evasion
MPRegen  0.14/turn              N - +2 ring of dexterity

@: flying, mesmerised, wreathed by umbra
A: fangs 3, regeneration 2, magic shield, antimagic bite, no potion heal 3, rot
immunity
a: Shadow Step, Shadow Form, Renounce Religion


You were on level 6 of the Lair of Beasts.
You worshipped Dithmenos.
Dithmenos was extremely pleased with you.
You were not hungry.

You visited 3 branches of the dungeon, and saw 18 of its levels.
You also visited: Ossuary.

You collected 1379 gold pieces.
You spent 136 gold pieces at shops.

Inventory:

Hand Weapons
 b - a +0 blowgun
 r - a +1 scimitar of distortion
 T - a +2 dagger of piercing (weapon)
 Y - a +0 rapier
Missiles
 e - 37 poisoned needles
 f - a curare-tipped needle
Armour
 d - a +0 cloak (worn)
 u - a +0 buckler (worn)
 W - +1 ice dragon scales (worn)
Jewellery
 l - a +2 ring of evasion (left hand)
 N - a +2 ring of dexterity (right hand)
Wands
 s - a wand of iceblast (6/15)
 t - a wand of digging (15/24)
 A - a wand of disintegration (12/24)
 E - a wand of disintegration (12/24)
 L - a wand of lightning (7/15)
 M - a wand of disintegration (9/24)
 P - a wand of acid (6/15)
Scrolls
 n - a scroll of silence
 q - 2 scrolls of teleportation
 v - 3 scrolls of amnesia
 w - a scroll of recharging
 y - 10 scrolls of remove curse
 D - 8 scrolls of identify
 I - a scroll of blinking
 J - 2 scrolls of fog
 O - a scroll of magic mapping
 Q - a scroll of fear
 V - a scroll of enchant armour
 Z - a scroll of holy word
Potions
 h - a potion of magic
 m - a potion of might
 o - 5 potions of curing
 p - 2 potions of resistance
 x - a potion of haste
 B - a potion of berserk rage
 C - a potion of cancellation
 F - 4 potions of brilliance
 G - 4 potions of flight
 H - 3 potions of agility
 U - 2 potions of ambrosia
Miscellaneous
 S - a fan of gales
Comestibles
 g - 16 bread rations
 z - 3 meat rations
 K - 13 royal jellies
 R - 4 chunks of flesh
 X - 25 fruits


   Skills:
 + Level 11.8 Fighting
 - Level 10.8 Short Blades
 - Level 1.7 Throwing
 + Level 7.9 Armour
 - Level 3.9 Dodging
 + Level 16.1 Stealth
 - Level 4.0 Shields


You had 13 spell levels left.
You didn't know any spells.

Dungeon Overview and Level Annotations

Branches:
Dungeon (11/15)            Temple (1/1) D:7            Lair (6/6) D:11
  Swamp (0/4) Lair:4        Snake (0/4) Lair:3        Slime (0/5) Lair:5
    Orc (0/2) D:11

Altars:
Ashenzari
Cheibriados
Dithmenos
Elyvilon
Fedhas
Gozag
Hepliaklqana
Kikubaaqudgha
Makhleb
Nemelex Xobeh
Okawaru
Qazlal
Ru
Sif Muna
Trog
Uskayaw
Vehumet
Wu Jian
Xom
Yredelemnul
Zin
The Shining One
Jiyva

Shops:
D:6 %   D:7 *   D:11 (

Annotations:
Lair:6 asdu's ghost, journeyman TeAE


Innate Abilities, Weirdness & Mutations

You have razor-sharp teeth.
You heal very quickly.
When hurt, damage is shared between your health and your magic reserves.
Your bite disrupts and absorbs the magic of your enemies.
Potions cannot restore your health.
You are immune to rotting.


Message History

The drowned soul touches you. The drowned soul drowns you!
* * * LOW HITPOINT WARNING * * *
You block the drowned soul's attack. x2
You closely miss the merfolk avatar.
You bite the merfolk avatar, but do no damage.
The merfolk avatar is moderately wounded.
The merfolk avatar falters for a moment.
Unknown command.
You are too mesmerised to rage.
Unknown command.
You hit the merfolk avatar but do no damage.
You bite the merfolk avatar.
The merfolk avatar's magic leaks into the air.
You drain its magic.
You feel invigorated.
The merfolk avatar is moderately wounded.
Your shadow hits the merfolk avatar but does no damage.
The drowned soul touches you. The drowned soul drowns you!
* * * LOW HITPOINT WARNING * * *
The drowned soul touches you. The drowned soul drowns you!
You die...

##≈##≈≈##≈≈#.P≈#.≈≈##≈≈##≈≈.#P...
.≈≈≈≈≈≈≈≈≈≈≈≈≈≈≈≈≈≈≈≈≈P≈≈≈≈≈≈....
..≈≈P≈≈≈≈≈≈≈≈≈≈≈≈≈≈≈≈≈≈≈≈≈≈≈≈≈...
.P.#[≈####################≈##≈.#.
.P≈##P# #8≈≈≈≈≈≈≈≈≈#8≈≈.≈#.≈.#.
...≈≈≈≈≈ #≈≈P≈≈≈≈≈P≈#≈≈≈≈≈P≈≈≈..
..≈≈≈≈≈≈P #≈≈≈≈≈P≈≈≈≈#≈≈≈#≈≈≈≈≈..
..$.#≈≈≈≈≈#≈≈≈≈≈≈≈≈≈≈#≈≈≈#≈##.≈..
...##≈#≈#≈.≈≈≈?m@?≈P≈≈≈≈≈.≈##≈...
...≈≈ ≈ ≈#≈≈P?≈≈$≈≈≈≈≈8≈≈≈≈≈≈.).
...P≈ #≈≈≈$WW[≈≈≈≈≈8≈≈≈≈≈....
#≈≈≈:!$}≈≈≈≈≈≈≈.≈##....
#≈≈≈≈≈≈≈≈≈≈#≈P≈#≈#.≈≈..
#≈≈≈≈#≈P≈≈≈#≈≈≈#≈≈≈≈≈#.
#≈≈≈#≈≈≈≈P≈#≈≈≈≈≈≈≈.≈..
#≈≈≈≈P≈≈≈≈.#.≈≈.≈##..P.
###..##########≈.#..P.


You could see a merfolk avatar and 2 drowned souls.

Vanquished Creatures
  Fannar (Lair:1)
  2 hydras
  2 two-headed ogres
  A naga sharpshooter (Lair:5)
  2 sea snakes (Lair:6)
  Pikel (D:5)
  9 elephants
  2 torpor snails (Lair:5)
  12 spiny frogs
  4 rime drakes
  11 komodo dragons
  A troll (D:10)
  2 hornets
  3 polar bears
  Prince Ribbit (D:8)
  16 blink frogs
  10 hippogriffs
  2 dream sheep (Lair:6)
  A bog body (Lair:4)
  23 yaks
  A shadow (D:11)
  A wyvern (Lair:6)
  A human (D:10)
  2 hogs (D:10)
  2 wraiths (D:11)
  Grum (D:8)
  A hungry ghost (D:6)
  2 basilisks
  15 swamp worms
  An acid dragon (D:11)
  13 water moccasins
  3 orc warriors
  11 porcupines
  6 ice beasts
  A phantom (D:6)
  4 sky beasts
  5 necrophages
  2 slaves (D:5)
  3 ogres
  12 wolves
  3 centaurs
  10 crocodiles
  5 big kobolds
  17 bullfrogs
  2 elf zombies (Ossuary)
  A wyvern zombie (D:11)
  2 water moccasin zombies (D:6)
  A scorpion (D:9)
  8 wights
  15 killer bees
  An electric eel (Lair:4)
  2 howler monkeys (D:4)
  3 crimson imps
  2 bullfrog zombies (D:11)
  3 quasits
  3 centaur zombies
  2 jellies (D:8)
  3 orc priests
  5 hounds
  4 centaur skeletons
  A human zombie (Ossuary)
  4 iguanas
  A bullfrog skeleton (D:8)
  Ijyb (D:5)
  10 orc wizards
  6 worker ants
  2 big kobold zombies (Ossuary)
  2 hound zombies
  2 hound skeletons
  4 mummies
  A worker ant zombie (D:11)
  A howler monkey zombie (D:11)
  8 adders
  A shadow imp (D:8)
  An ooze (D:3)
  4 adder zombies
  An adder skeleton (D:5)
  9 worms
  3 dart slugs
  5 leopard geckos
  26 orcs
  4 giant cockroaches
  2 gnoll zombies (Ossuary)
  3 goblins
  6 hobgoblins
  21 jackals
  24 kobolds
  6 quokkas
  A ball python (D:3)
  7 bats
  3 frilled lizards
  3 goblin zombies (Ossuary)
  3 hobgoblin zombies (Ossuary)
  A jackal skeleton (D:3)
  A jackal zombie (Ossuary)
  2 kobold zombies (Ossuary)
  3 orc zombies (Ossuary)
  A quokka skeleton (D:9)
  6 quokka zombies
  A rat (D:2)
  8 rat zombies (Ossuary)
  A bush (D:11)
  A plant (D:11)
486 creatures vanquished.

Vanquished Creatures (others)
  12 fungi
  23 plants
35 creatures vanquished.

Grand Total: 521 creatures vanquished

Notes
Turn   | Place    | Note
-------+----------+-------------------------------------------
     0 | D:1      | HAL9000 the Vine Stalker Assassin began the quest for the Orb.
     0 | D:1      | Reached XP level 1. HP: 11/11 MP: 2/2
    67 | D:1      | You fall through a shaft!
   286 | D:1      | Reached XP level 2. HP: 15/15 MP: 3/3
   845 | D:2      | Reached XP level 3. HP: 18/18 MP: 4/4
  1392 | D:3      | Reached skill level 1 in Shields
  1509 | D:3      | Gained mutation: Your natural rate of healing is unusually fast. [Vine Stalker growth]
  1509 | D:3      | Reached XP level 4. HP: 10/23 MP: 3/5
  2373 | D:4      | Reached XP level 5. HP: 26/26 MP: 6/6
  2572 | D:4      | Found a sand-covered staircase.
  2616 | Ossuary  | Entered an ossuary
  2833 | Ossuary  | Reached XP level 6. HP: 29/30 MP: 7/7
  3207 | Ossuary  | Reached skill level 5 in Short Blades
  3400 | Ossuary  | Reached XP level 7. HP: 19/34 MP: 6/8
  3823 | D:4      | Found an opulent altar of Gozag.
  4129 | D:5      | Entered Level 5 of the Dungeon
  4170 | D:5      | Noticed Ijyb
  4185 | D:5      | Killed Ijyb
  4650 | D:5      | Noticed Pikel
  4833 | D:5      | Killed Pikel
  4833 | D:5      | Gained mutation: You have razor-sharp teeth. [Vine Stalker growth]
  4833 | D:5      | Reached XP level 8. HP: 36/38 MP: 6/9
  5315 | D:6      | Found Ujiev's Food Boutique.
  5518 | D:6      | Reached XP level 9. HP: 42/42 MP: 10/10
  6000 | D:7      | Found Zepad's Assorted Antiques.
  6001 | D:7      | Reached skill level 10 in Short Blades
  6035 | D:7      | Bought a runed dagger for 85 gold pieces
  6103 | D:7      | Found a staircase to the Ecumenical Temple.
  6123 | Temple   | Entered the Ecumenical Temple
  6211 | Temple   | Became a worshipper of Dithmenos the Shadowed
  6842 | D:7      | Reached skill level 5 in Stealth
  7389 | D:7      | Reached * piety under Dithmenos
  7476 | D:7      | Reached skill level 6 in Stealth
  7827 | D:7      | Bought a scroll of teleportation for 51 gold pieces
  8208 | D:8      | Reached skill level 7 in Stealth
  8224 | D:8      | Reached XP level 10. HP: 46/49 MP: 11/11
  8401 | D:8      | Noticed a two-headed ogre
  8463 | D:8      | Killed a two-headed ogre
  8463 | D:8      | Reached skill level 5 in Fighting
  8463 | D:8      | Reached skill level 8 in Stealth
  8681 | D:8      | Noticed Prince Ribbit
  8703 | D:8      | Killed Prince Ribbit
  8703 | D:8      | Reached skill level 9 in Stealth
  8906 | D:8      | Reached ** piety under Dithmenos
  8984 | D:8      | Noticed Grum
  8991 | D:8      | Killed Grum
  9400 | D:9      | Reached skill level 10 in Stealth
  9505 | D:9      | Found a bloodstained altar of Trog.
  9897 | D:9      | Noticed a two-headed ogre
  9925 | D:9      | Killed a two-headed ogre
 10080 | D:10     | Entered Level 10 of the Dungeon
 10197 | D:10     | Reached XP level 11. HP: 58/58 MP: 12/12
 10352 | D:10     | Reached skill level 1 in Dodging
 10435 | D:10     | Reached skill level 11 in Stealth
 10581 | D:10     | Reached *** piety under Dithmenos
 11070 | D:11     | Found Ygeulix's Weapon Emporium.
 11084 | D:11     | Found a staircase to the Orcish Mines.
 11436 | D:11     | Reached **** piety under Dithmenos
 11447 | D:11     | Found a blossoming altar of Fedhas.
 11667 | D:11     | Found a staircase to the Lair.
 12109 | D:11     | Reached skill level 12 in Stealth
 12404 | Lair:1   | Entered Level 1 of the Lair of Beasts
 12429 | Lair:1   | Reached skill level 1 in Armour
 13018 | Lair:1   | Noticed Fannar
 13023 | Lair:1   | Killed Fannar
 13023 | Lair:1   | Gained mutation: You heal very quickly. [Vine Stalker growth]
 13023 | Lair:1   | Reached XP level 12. HP: 65/65 MP: 8/13
 13644 | Lair:2   | Reached skill level 13 in Stealth
 14137 | Lair:2   | Noticed a five-headed hydra
 14203 | Lair:2   | Killed a five-headed hydra
 15040 | Lair:3   | Got a bronze leather armour
 15041 | Lair:3   | Identified the cursed +1 leather armour "Filuot" {rC++ rCorr Dex+2} (You found it on level 3 of the Lair of Beasts)
 15283 | Lair:3   | Found a staircase to the Snake Pit.
 15529 | Lair:3   | Reached skill level 10 in Fighting
 15692 | Lair:3   | Reached skill level 5 in Armour
 15813 | Lair:3   | Reached skill level 14 in Stealth
 16240 | Lair:3   | Reached XP level 13. HP: 41/72 MP: 14/14
 17976 | Lair:4   | Found a staircase to the Swamp.
 18047 | Lair:4   | Reached skill level 15 in Stealth
 18067 | Lair:5   | Found a viscous altar of Jiyva.
 18068 | Lair:5   | Found a staircase to the Slime Pits.
 18506 | Lair:5   | Reached ***** piety under Dithmenos
 19171 | Lair:6   | Entered Level 6 of the Lair of Beasts
 19171 | Lair:6   | Noticed asdu's ghost (journeyman TeAE)
 20248 | Lair:6   | Reached XP level 14. HP: 48/79 MP: 13/15
 20399 | Lair:6   | Reached skill level 16 in Stealth
 20876 | Lair:6   | Drowned by a drowned soul

Vault maps used:
D:1:      dpeg_arrival_erosion
D:2:      minmay_strange_pillars
D:3:      first_bread, kennysheep_generic_room_5
D:4:      overflow_temple_1_default, gup_ossuary_entry_pyramid
D:5:      uniq_pikel, uniq_ijyb
D:6:      serial_shops, shop
D:7:      minmay_temple_entry_statues_pillars, serial_shops, shop
D:8:      uniq_prince_ribbit1, uniq_grum
D:9:      kennysheep_flooded_box
D:10:     grunt_livestock
D:11:     lair_entry_dummy, orc_david_3, portal_ice_cave_entry_pillars_1,
          fedhas_altar_decomposition
Temple:   compressed_dpeg_triangle_lava_temple
Lair:1:   grunt_megastairs_5, uniq_fannar
Lair:2:   serial_bayou_shore_a, grunt_megastairs_4
Lair:3:   dummy_snake_entry, worms_lemuel
Lair:4:   nicolae_swamp_entry_splash_gauntlet, grunt_megastairs_2,
          lemuel_fruit_fields
Lair:5:   slime_altar_1
Lair:6:   gammafunk_lair_ancient_temple, lemuel_fruit_fields
Ossuary:  minmay_ossuary_two_tombs

Skill      XL: |  1  2  3  4  5  6  7  8  9 10 11 12 13 14 |
---------------+-------------------------------------------+-----
Short Blades   | 2 3 4 5 8 9 10 | 10.8
Shields        | 1 2 3 4 |  4.0
Fighting       | 3 6 8 10 11 | 11.8
Stealth        | 7 10 12 14 15 16 | 16.1
Dodging        | 3 |  3.9
Armour         | 2 5 7 |  7.9
Throwing       | |  1.7

Action                   |  1- 3 |  4- 6 |  7- 9 | 10-12 | 13-15 || total
-------------------------+-------+-------+-------+-------+-------++-------
Melee: Dagger            |    49 |   317 |   578 |  1583 |   818 ||  3345
       Bite              |    16 |   110 |   211 |   679 |   411 ||  1427
       Rapier            |       |       |       |       |    31 ||    31
       Scimitar          |       |       |       |       |     6 ||     6
 Fire: Blowgun           |       |       |    11 |     2 |     1 ||    14
Invok: Shadow Step       |       |       |       |     3 |     1 ||     4
Evoke: Wand              |       |       |       |     3 |     3 ||     6
  Use: Scroll            |       |       |    17 |    21 |     6 ||    44
       Potion            |       |       |     3 |     1 |     3 ||     7
 Stab: Sleeping          |    14 |     4 |     9 |    29 |    15 ||    71
       Distracted        |       |       |     1 |     6 |     3 ||    10
  Eat: Chunk             |     1 |     4 |    11 |    26 |    15 ||    57
       Fruit             |       |     2 |       |     1 |       ||     3
       Meat ration       |       |       |     1 |       |       ||     1
Armor: Robe              |    11 |    39 |    25 |       |       ||    75
       Ice dragon scales |       |       |     9 |   225 |   160 ||   394
Dodge: Dodged            |    27 |   144 |   172 |   540 |   339 ||  1222
Block: Buckler           |     4 |    42 |    77 |   216 |   151 ||   490
       Rpst.: Scimitar   |       |       |       |       |     1 ||     1
